 Dungeon Crawl Stone Soup version 0.26-a0-652-gafc20e3620 (webtiles) character file.

Game seed: 14802820261594551701

32 Decritt the Conjurer (level 3, 0/19 HPs)
             Began as a Deep Elf Conjurer on Oct 2, 2020.
             Slain by a goblin
             ... wielding a +0 dagger
             ... led by Robin
              (2 damage)
             ... on level 1 of the Dungeon.
             The game lasted 00:02:24 (982 turns).

Decritt the Conjurer (Deep Elf Conjurer)             Turns: 982, Time: 00:02:25

Health: 0/19       AC:  2    Str:  5    XL:     3   Next: 10%
Magic:  5/9        EV: 13    Int: 22    God:
Gold:   27         SH:  0    Dex: 13    Spells: 5/8 levels left

rFire    . . .     SeeInvis .   (no weapon)
rCold    . . .     Faith    .   (no shield)
rNeg     . . .     Spirit   .   a - +0 robe
rPois    .         Reflect  .   (no helmet)
rElec    .         Harm     .   (no cloak)
rCorr    .         Rampage  .   (no gloves)
MR       .....                  (no boots)
Stlth    ++........             (no amulet)
HPRegen  0.06/turn              (no ring)
MPRegen  0.11/turn              (no ring)

@: no status effects
A: no striking features
a: no special abilities


You were on level 1 of the Dungeon.
You visited 1 branch of the dungeon, and saw 2 of its levels.

You collected 27 gold pieces.

Inventory:

Armour
 a - a +0 robe (worn)
Scrolls
 b - a scroll of magic mapping {unknown}
 c - a scroll of enchant armour {unknown}
 d - a scroll of identify {unknown}
 e - a scroll of teleportation {unknown}
 g - a scroll of noise {unknown}
 h - a scroll of enchant weapon {unknown}
 i - a scroll of blinking {unknown}
Potions
 f - a potion of degeneration {unknown}


   Skills:
 - Level 2.4 Dodging
 - Level 2.4 Stealth
 - Level 3.0 Spellcasting
 + Level 5.5 Conjurations


You had 5 spell levels left.
You knew the following spells:

 Your Spells              Type           Power        Failure   Level
a - Magic Dart            Conj           ####         1%          1
b - Searing Ray           Conj           ####..       1%          2

Your spell library contained the following spells:

 Spells                   Type           Power        Failure   Level
 Dazzling Flash           Conj/Hex       ###...       12%         3
 Fulminant Prism          Conj/Hex       ###.......   36%         4
 Iskenderun's Mystic Bla  Conj/Tloc      ###.....     36%         4


Dungeon Overview and Level Annotations

Branches:
Dungeon (2/15)

Altars:
The Shining One


Message History

The giant cockroach bites you.
* * * LOW HITPOINT WARNING * * *
The goblin hits you with a +0 dagger.
* * * LOW HITPOINT WARNING * * *
The goblin misses you. The giant cockroach misses you.
The goblin barely misses you. The goblin hits you but does no damage.
The giant cockroach misses you.
Casting: Searing Ray (safe; 1% risk of failure)
Confirm with . or Enter, or press ? or * to list all spells.
Aiming: Searing Ray (safe; 1% risk of failure)
Press: ? - help, Shift-Dir - straight line, f/p - hobgoblin
Aim: a hobgoblin The searing ray hits the giant cockroach!
You kill the giant cockroach!
The searing ray hits the hobgoblin!
You kill the hobgoblin! (Press . to maintain the ray.)
The goblin misses you. The goblin hits you with a +0 dagger.
You die...

############# #...........)
#.########### #######.#
#†>...#.# ######
#)†...#.######.)... ###
#g.g..÷........##.. ##.##
#.@.............#..
##.#.####.....##.######.#..
#.#......).#......# #.#..
##...#####....##..#####.#..
##.## ##.#.##.....##.#..
#.# #.#.###.##.##.... #.#
#.#.# #.##.##.#.. #.#
#.#.###.##.##.#.. #.#
#.#...).......#..


You could see 2 goblins.

Vanquished Creatures
  2 dart slugs (D:1)
  A ball python (D:1)
  4 bats (D:1)
  3 giant cockroaches (D:1)
  10 goblins
  A hobgoblin (D:1)
  3 frilled lizards (D:1)
  2 kobolds (D:1)
26 creatures vanquished.

Notes
Turn   | Place    | Note
-------+----------+-------------------------------------------
     0 | D:1      | Decritt the Deep Elf Conjurer began the quest for the Orb.
     0 | D:1      | Reached XP level 1. HP: 10/10 MP: 6/6
   235 | D:1      | Reached XP level 2. HP: 15/15 MP: 4/8
   239 | D:1      | Reached skill level 5 in Conjurations
   888 | D:2      | Found a glowing golden altar of the Shining One.
   895 | D:1      | Reached XP level 3. HP: 17/19 MP: 3/9
   973 | D:1      | Learned a level 2 spell: Searing Ray
   982 | D:1      | Slain by a goblin

Illustrated notes

Levels and vault maps discovered:
D:1:      psy_arrival_terrarium, layout_loops_ring, nrook_uturn
D:2:      minmay_wonky_spiral, layout_loops_ring, lemuel_round_altar,
          minmay_hexomino_r4, uniq_robin, uniq_natasha

Skill      XL: |  1  2 |
---------------+-------+-----
Conjurations   | 5 |  5.5
Dodging        | |  2.4
Stealth        | |  2.4
Spellcasting   | |  3.0

Action                   || total
-------------------------++-------
 Cast: Magic Dart        ||    41
       Searing Ray       ||     2
Armor: Robe              ||     6
Dodge: Dodged            ||    15

Table legend: (Time is in decaauts)
 A = Elapsed time spent in this place.
 B = Non-inter-level travel time spent in this place.
 C = Inter-level travel time spent in this place.
 D = Time resting spent in this place.
 E = Time spent auto-exploring this place.
 F = Levels seen in this place.
 G = Mean time per level.
                   A        B        C        D        E       F      G
               +--------+--------+--------+--------+--------+-----+--------+
         Total |    983 |    970 |     13 |     71 |    819 |   2 |  491.5 |
       Dungeon |    983 |    970 |     13 |     71 |    819 |   2 |  491.5 |
               +--------+--------+--------+--------+--------+-----+--------+

Top non-repeatable levels by time:
     D:1: 975 daAuts
     D:2: 8 daAuts
